 Dungeon Sprint DCSS version 0.31-a0-95-g6fa058ef04 (webtiles) character file.

Game seed: 12079495067813440495

7 sircluck the Sneak (level 2, -3/18 HPs)
             Began as a Kobold Brigand on May 25, 2023.
             Splashed by a jelly's acid (4 damage)
             ... in the Dungeon (Sprint IX: "|||||||||||||||||||||||||||||").
             The game lasted 00:00:11 (38 turns).

sircluck the Sneak (Kobold Brigand)                   Turns: 38, Time: 00:00:11

Health: -3/18      AC: -1    Str:  8    XL:     2   Next: 5%
Magic:  2/2        EV: 14    Int: 12    God:
Gold:   0          SH:  0    Dex: 16    Spells: 1/1 levels left

rFire   . . .        a - +2 dagger
rCold   . . .        (no shield)
rNeg    . . .        b - +0 robe
rPois   .            (no helmet)
rElec   .            c - +0 cloak
rCorr   .            (no gloves)
SInv    .            (no boots)
Will    .....        (no amulet)
Stlth   ++++         (no ring)
HPRegen 0.23/turn    (no ring)
MPRegen 0.08/turn

%: no teleportation
@: corroded
A: small, no large weapons, nightstalker 3
a: no special abilities


You were in the Dungeon.
You visited 1 branch

Inventory:

Hand Weapons
 a - a +2 dagger (weapon)
Missiles
 d - 9 poisoned darts (quivered)
 e - 3 curare-tipped darts
Armour
 b - a +0 robe (worn)
 c - a +0 cloak (worn)
Scrolls
 k - a scroll of blinking
Potions
 f - a potion of curing
 g - a potion of heal wounds
 h - a potion of haste
 i - 2 potions of magic
 j - a potion of berserk rage


   Skills:
 + Level 2.3 Fighting
 + Level 2.9 Short Blades
 + Level 3.1 Throwing
 + Level 1.3 Dodging
 + Level 6.8 Stealth


You had one spell level left.
You didn't know any spells.
Your spell library was empty.

Dungeon Overview and Level Annotations

Branches:
Dungeon (1/1)

Altars:


Innate Abilities, Weirdness & Mutations

You are small and have problems with some larger weapons.
You are completely attuned to the shadows.


Message History

The goblin is severely wounded.
The goblin hits you but does no damage.
You hit the goblin.
You kill the goblin!
You closely miss the goblin. The goblin closely misses you.
You hit the goblin.
You kill the goblin!
You have reached level 2!
Unknown command.
Things that are here:
a +0 dagger; a +0 club; a goblin corpse You open the door.
A jelly, an iguana and a gnoll bouda come into view.
The gnoll bouda shouts!
The iguana hisses angrily.
You hear a shout!
The jelly quivers.
Things that are here:
a +0 dagger; a +0 club; a goblin corpse You see here a jackal corpse.
There is an open door to the Dungeon here.
There is a staircase leading out of the dungeon here.
The jelly closely misses you.
You hit the jelly.
Your hands burn!
The jelly is lightly wounded.
The jelly closely misses you.
You barely miss the jelly.
The jelly is lightly wounded.
You hit the jelly. The acid corrodes you!
Your hands burn!
The jelly is moderately wounded.
The jelly misses you.
The gnoll bouda barks out a call to the hunt!
You hit the jelly but do no damage.
Your hands burn!
The jelly is moderately wounded.
The jelly hits you.
You are splashed with acid!
* * * LOW HITPOINT WARNING * * *
You barely miss the jelly.
The jelly is moderately wounded.
The jelly misses you.
A dart slug comes into view.
You hit the jelly but do no damage.
Your hands burn!
You die...

▓▓▓
▓<▓
▓@▓
▓J▓
▓l▓
▓g▓
▓w▓
▓)▓
▓.▓
▓.▓
▓.▓


You could see a gnoll bouda, an iguana, a jelly and a dart slug.

Vanquished Creatures
  A ball python (D)
  An endoplasm (D)
  2 goblins (D)
  A jackal (D)
5 creatures vanquished.

Notes
Turn   | Place    | Note
-------+----------+-------------------------------------------
     0 | D        | sircluck the Kobold Brigand began the quest for the Orb.
     0 | D        | Reached XP level 1. HP: 12/12 MP: 1/1
     6 | D        | Reached skill level 6 in Stealth
    18 | D        | Reached XP level 2. HP: 18/18 MP: 2/2
    38 | D        | Splashed by a jelly's acid

Illustrated notes

Levels and vault maps discovered:
D:        linesprint [early_d, line_temple, items_1, d_10, items_2, lair_1,
          lair_end, items_3, orc_1, orc_end, items_4, d_15, swamp_1, shoals_1,
          snake_1, spider_1, d_20, vaults_1, items_5, swamp_end, shoals_end,
          snake_end, spider_end, vaults_end, d_27, items_6, zot_1, zot_end,
          crypt_end, forest_end, elf_end, slime_end, tomb_end, abyss_end,
          pan_hell_end]

Skill      XL: |  1 |
---------------+----+-----
Stealth        | 6 |  6.8
Throwing       | 3 |  3.1
Fighting       | |  2.3
Short Blades   | |  2.9
Dodging        | |  1.3

Action                     || total
---------------------------++-------
  Melee: Dagger            ||    18
         Punch             ||     1
   Stab: Sleeping          ||     1
 Armour: Robe              ||     1
  Dodge: Dodged            ||     9

Table legend: (Time is in decaauts)
 A = Elapsed time spent in this place.
 B = Non-inter-level travel time spent in this place.
 C = Inter-level travel time spent in this place.
 D = Time resting spent in this place.
 E = Time spent auto-exploring this place.
 F = Levels seen in this place.
 G = Mean time per level.
                   A        B        C        D        E       F      G
               +--------+--------+--------+--------+--------+-----+--------+
         Total |     35 |     35 |      0 |      0 |      6 |   1 |   35.0 |
       Dungeon |     35 |     35 |      0 |      0 |      6 |   1 |   35.0 |
               +--------+--------+--------+--------+--------+-----+--------+

Top non-repeatable levels by time:
       D: 35 daAuts
